first game as DAK in 1.5 with... PZ III

Match 19502481
End
Royal Engineer Section
Construct Section Command Post
Selects Indian Artillery Battlegroup
Dingo Light Scout Car
Infantry Section
Infantry Training
Selects Valour
Construct Platoon Command Post
Construct Field Infirmary
Selects Gurkha Rifles Section
Gurkha Rifles Section
Gurkha Rifles Section
6-pounder Anti-tank Gun Team
Construct Company Command Post
Selects Volunteer Infantry
Matilda II Heavy Tank
Foot Guards Section
Royal Engineer Section
Selects Towed ML 4.2-inch Heavy Mortar
Gurkha Rifles Section
Foot Guards Section
Selects Off-map Airburst Barrage
6-pounder Anti-tank Gun Team
Matilda II Heavy Tank
Selects Perimeter Monitor
Matilda II Heavy Tank
AI Takeover
Jae
Zuntew
0
0

Comments sign in to comment!

No comments posted yet!